Map: Proxima Station LE

Players

aAaMiNiMaTh (MiNiMaTh) - Winner!

  • Race: Zerg Zerg
  • Spawn Location: 7:00

qbeN

  • Race: Protoss Protoss
  • Spawn Location: 1:00

Event: IEM XI Katowice - World Championship 2017

VOD

Have the link to the VOD?

Description

Time

  • Played on: Feb. 28, 2017, 10:39 a.m.
  • Length: 12:23

All games in this series

Show
View Real Time Build Order
Export as new Build Order

aAaMiNiMaTh Zerg - Winner!

Build Orders: Hatch First 

Get SALT Encoding   

  12  0:00  Drone  
  13  0:13  Overlord  
  13  0:17  Drone  
  14  0:32  Drone x2  
  16  0:35  Drone  
  17  0:53  Hatchery  
  17  0:55  Drone  
  17  0:59  Drone  
  18  1:08  Extractor  
  17  1:14  Spawning Pool  
  17  1:17  Drone  
  17  1:21  Drone  
  18  1:28  Drone  
  19  1:39  Overlord  
  19  1:54  Drone  
  19  2:01  Queen  
  20  2:02  Zergling x2  
  20  2:04  Queen  
  20  2:05  Zergling x2  
  26  2:09  Metabolic Boost  
  26  2:12  Drone  
  27  2:16  Drone  
  28  2:23  Zergling x2  
  28  2:26  Zergling x2  
  30  2:34  Zergling x2  
  31  2:37  Spine Crawler  
  31  2:41  Zergling x2  
  31  2:48  Zergling x2  
  31  2:49  Zergling x2  
  34  3:01  Queen, Overlord  
  36  3:06  Hatchery  
  36  3:09  Drone  
  36  3:21  Drone x6  
  36  3:23  Drone  
  42  3:28  Drone  
  42  3:32  Overlord  
  42  3:44  Drone  
  43  3:49  Extractor  
  42  3:58  Evolution Chamber  
  42  4:01  Baneling Nest  
  42  4:02  Drone x6  
  46  4:14  Drone  
  47  4:17  Drone  
  47  4:20  Drone x3  
  47  4:24  Zergling x6  
  53  4:29  Zergling x6  
  53  4:30  Zerg Melee Weapons Level 1  
  57  4:40  Overlord x3  
  57  4:41  Drone  
  57  4:54  Lair  
  57  4:57  Spore Crawler x2  
  57  4:58  Spore Crawler  
  54  5:00  Zergling x2  
  54  5:01  Zergling x10  
  54  5:03  Drone  
  54  5:06  Drone x2  
  63  5:08  Drone  
  63  5:13  Drone x3  
  65  5:15  Drone  
  65  5:18  Drone x2  
  65  5:20  Drone  
  67  5:22  Drone  
  67  5:23  Drone  
  67  5:26  Baneling x4  
  67  5:27  Baneling  
  69  5:28  Baneling  
  69  5:29  Baneling  
  69  5:30  Drone  
  69  5:32  Drone  
  69  5:33  Drone  
  69  5:35  Drone  
  73  5:37  Drone x2  
  67  5:54  Drone x2  
  64  5:58  Drone x3  
  64  5:59  Extractor, Hydralisk Den  
  64  6:00  Extractor  
  64  6:01  Hatchery, Drone x4  
  64  6:03  Zergling x2  
  68  6:04  Extractor  
  68  6:05  Zergling x2  
  68  6:06  Extractor  
  68  6:07  Zergling x4  
  68  6:08  Zergling x2  
  68  6:10  Overseer  
  70  6:12  Drone  
  70  6:13  Zergling x2  
  72  6:25  Zerg Missile Weapons Level 1  
  72  6:34  Drone x2  
  72  6:36  Muscular Augments  
  72  6:38  Overlord x5  
  72  6:39  Overlord  
  74  6:58  Drone x3  
  74  7:00  Drone x2  
  79  7:02  Hydralisk  
  79  7:03  Hydralisk x8  
  79  7:05  Hydralisk  
  97  7:15  Drone  
  97  7:16  Hydralisk x4  
  97  7:21  Hydralisk x2  
  110  7:25  Drone  
  110  7:26  Drone  
  110  7:37  Overlord x4  
  110  7:39  Overlord x2  
  110  7:46  Centrifical Hooks  
  110  7:47  Overseer  
  110  7:50  Overlord  
  110  7:51  Spore Crawler  
  110  7:58  Spore Crawler  
  107  7:59  Hydralisk x6  
  107  8:03  Hydralisk x2  
  123  8:10  Drone x2  
  125  8:13  Zergling x12  
  125  8:18  Zergling x8  
  135  8:21  Baneling x6  
  135  8:22  Baneling  
  135  8:24  Zergling x4  
  135  8:26  Drone x2  
  139  8:27  Drone  
  139  8:33  Drone x5  
  145  8:35  Drone  
  145  8:38  Spire  
  145  8:42  Extractor x2, Drone x3  
  145  8:48  Drone x2  
  143  9:03  Drone x2  
  133  9:27  Hydralisk x11, Hatchery  
  133  9:29  Zergling x12  
  160  9:35  Overlord  
  160  9:36  Overlord  
  160  9:43  Overlord x2  
  160  9:48  Pneumatized Carapace  
  160  9:53  Overlord  
  160  9:54  Corruptor x6  
  160  9:59  Baneling  
  172  10:00  Corruptor, Baneling x4  
  172  10:01  Corruptor  
  172  10:06  Corruptor, Infestation Pit  
  173  10:15  Corruptor x3  
  179  10:26  Corruptor x3  
  181  10:31  Zergling x2  
  181  10:32  Zergling x8  
  181  10:34  Overseer  
  186  10:42  Hive  
  186  10:45  Zergling x2  
  186  10:46  Zergling x14  
  194  10:52  Baneling x4  
  194  10:53  Baneling  
  194  10:54  Baneling x2  
  194  10:55  Baneling  
  194  10:58  Zergling x2  
  194  10:59  Zergling x6  
  198  11:06  Drone x2  
  192  11:20  Zergling x6  
  192  11:21  Zergling x24  
  156  11:40  Zergling x6  
  156  11:41  Zergling x12  
  143  12:01  Zergling x2  
  143  12:02  Zergling x14  
Show
View Real Time Build Order
Export as new Build Order

qbeN Protoss 

Build Orders: 1 Gate Expand 

Get SALT Encoding   

  12  0:01  Probe (Chrono Boost)  
  13  0:11  Probe (Chrono Boost)  
  14  0:17  Pylon  
  14  0:22  Probe (Chrono Boost)  
  15  0:35  Probe (Chrono Boost)  
  16  0:36  Gateway  
  16  0:45  Probe (Chrono Boost)  
  17  0:52  Assimilator  
  17  0:56  Assimilator, Probe (Chrono Boost)  
  18  1:06  Probe (Chrono Boost)  
  19  1:17  Probe (Chrono Boost)  
  20  1:26  Nexus  
  20  1:36  Cybernetics Core  
  20  1:39  Probe (Chrono Boost)  
  21  1:47  Pylon  
  21  1:51  Assimilator  
  22  1:54  Probe (Chrono Boost)  
  22  2:05  Probe (Chrono Boost)  
  23  2:09  Adept  
  23  2:12  Warp Gate  
  26  2:17  Probe (Chrono Boost)  
  28  2:31  Mothership Core (Chrono Boost)  
  28  2:32  Adept  
  29  2:39  Probe (Chrono Boost)  
  30  2:49  Probe (Chrono Boost)  
  30  2:50  Probe (Chrono Boost)  
  32  2:59  Adept  
  32  3:00  Twilight Council, Probe (Chrono Boost)  
  32  3:02  Probe (Chrono Boost)  
  36  3:10  Probe (Chrono Boost)  
  37  3:15  Probe (Chrono Boost)  
  38  3:20  Pylon x2  
  38  3:21  Probe (Chrono Boost)  
  38  3:22  Pylon  
  39  3:28  Resonating Glaives  
  39  3:29  Adept  
  39  3:30  Probe (Chrono Boost)  
  39  3:31  Probe (Chrono Boost)  
  42  3:42  Probe x2 (Chrono Boost)  
  43  3:52  Probe (Chrono Boost)  
  43  3:54  Probe (Chrono Boost)  
  45  3:57  Gateway  
  45  4:03  Probe (Chrono Boost)  
  45  4:06  Probe (Chrono Boost)  
  47  4:13  Probe (Chrono Boost)  
  49  4:17  Gateway  
  49  4:18  Probe (Chrono Boost)  
  49  4:23  Assimilator  
  50  4:24  Probe (Chrono Boost)  
  50  4:25  Pylon  
  50  4:26  Assimilator, Sentry  
  50  4:30  Probe (Chrono Boost)  
  53  4:34  Probe (Chrono Boost)  
  54  4:42  Probe (Chrono Boost)  
  54  4:43  Stargate  
  54  4:44  Stargate  
  54  4:45  Probe (Chrono Boost)  
  56  4:49  Pylon  
  56  4:51  Adept  
  58  4:55  Probe (Chrono Boost)  
  58  4:56  Probe (Chrono Boost)  
  58  4:58  Adept  
  62  5:04  Nexus  
  62  5:07  Pylon, Probe (Chrono Boost)  
  63  5:10  Probe (Chrono Boost)  
  64  5:16  Adept x2  
  64  5:18  Adept  
  62  5:23  Phoenix, Probe (Chrono Boost)  
  62  5:25  Probe (Chrono Boost)  
  66  5:29  Phoenix  
  69  5:36  Probe (Chrono Boost)  
  69  5:39  Pylon  
  69  5:46  Adept x3  
  69  5:53  Phoenix  
  69  5:54  Probe x2 (Chrono Boost)  
  71  6:02  Phoenix  
  71  6:03  Pylon  
  71  6:06  Probe (Chrono Boost)  
  71  6:09  Probe (Chrono Boost)  
  75  6:14  Phoenix  
  75  6:17  Probe (Chrono Boost)  
  75  6:18  Probe (Chrono Boost)  
  79  6:21  Probe (Chrono Boost)  
  79  6:24  Robotics Facility  
  80  6:29  Sentry x2  
  80  6:30  Phoenix, Probe x2 (Chrono Boost)  
  86  6:36  Phoenix  
  90  6:40  Pylon  
  90  6:42  Forge  
  90  6:44  Probe (Chrono Boost)  
  90  6:45  Probe x2 (Chrono Boost)  
  93  6:47  Assimilator  
  93  6:50  Assimilator  
  93  6:51  Stalker  
  95  6:55  Probe (Chrono Boost)  
  95  6:57  Stalker  
  95  6:58  Stalker  
  100  7:12  Protoss Ground Weapons Level 1  
  100  7:17  Robotics Bay, Immortal  
  100  7:21  Adept x2  
  108  7:24  Pylon  
  108  7:28  Gateway  
  108  7:29  Gateway  
  108  7:32  Gateway  
  108  7:34  Adept  
  110  7:42  Pylon  
  110  7:43  Pylon  
  110  7:47  Blink  
  108  7:57  Colossus  
  108  8:00  Stalker x2  
  108  8:01  Stalker  
  108  8:05  Pylon  
  120  8:15  Gateway  
  120  8:18  Gateway  
  120  8:24  Stalker x2  
  120  8:26  Stalker x3  
  130  8:30  Pylon  
  130  8:32  Pylon  
  128  8:36  Sentry  
  128  8:41  Pylon  
  130  8:45  Colossus  
  130  8:48  Zealot x2  
  134  8:49  Sentry  
  138  9:07  Stalker x3  
  144  9:20  Adept x2  
  144  9:21  Robotics Bay, Adept x3, Protoss Ground Weapons Level 2  
  144  9:24  Pylon  
  154  9:31  Void Ray x2  
  162  9:45  Nexus  
  162  9:47  Pylon  
  162  9:49  Pylon  
  162  9:59  Templar Archives  
  162  10:02  Zealot x2  
  162  10:03  Zealot x5  
  162  10:06  Colossus  
  176  10:09  Extended Thermal Lance  
  182  10:21  Void Ray  
  182  10:24  Void Ray  
  188  10:39  Pylon  
  188  10:42  Pylon  
  188  10:44  High Templar  
  188  10:45  Assimilator  
  188  10:47  High Templar  
  192  10:51  Assimilator  
  192  10:53  Archon  
  192  10:59  Void Ray  
  192  11:01  Void Ray  
  200  11:11  Photon Cannon  
  200  11:13  Photon Cannon  
  197  11:25  Stalker x6  
  146  11:36  Adept x2  
  101  11:48  Stalker x4  
  101  11:49  Stalker x2  
  87  12:04  Zealot x2  
  80  12:14  Stalker  
  80  12:15  Stalker x4  

Tags
 
Add a new tag
Caveats
  • Supply blocks, unpowered buildings, or Contaminate may cause inaccurate times.
  • Supply counts are checked every 10 seconds.